 Dungeon Crawl Stone Soup version 0.30.1-4-g462c640d31 (webtiles) character file.

Game seed: 11140211721088613672

19570 arte the Cleaver (level 12, -1/118 HPs)
             Began as a Minotaur Fighter on Aug 23, 2023.
             Was a Follower of Trog.
             Killed from afar by an electric eel (6 damage)
             ... with a bolt of electricity
             ... on level 3 of the Lair of Beasts on Aug 24, 2023.
             The game lasted 01:45:09 (11217 turns).

arte the Cleaver (Minotaur Fighter)                Turns: 11217, Time: 01:45:10

Health: -1/118     AC: 12    Str: 25    XL:     12   Next: 37%
Magic:  11/11      EV: 30    Int:  5    God:    Trog [*.....]
Gold:   634        SH:  0    Dex: 11    Spells: 11/11 levels left

rFire   + . .        w - +4 scimitar (flame)
rCold   . . .        (no shield)
rNeg    + . .        H - +2 steam dragon scales
rPois   .            (helmet restricted)
rElec   .            (no cloak)
rCorr   .            Y - +0 pair of gloves
SInv    .            (no boots)
Will    .....        V - amulet of the acrobat
Stlth   ++           O - ring of positive energy
HPRegen 0.39/turn    n - ring of protection from fire
MPRegen 0.12/turn

%: acrobat, clarity
@: on berserk cooldown, acrobatic, slowed, very slow
A: horns 2, retaliatory headbutt, iridescent scales 1, clarity, robust 1,
teleportitis 1
a: Renounce Religion, Berserk


You were on level 3 of the Lair of Beasts.
You worshipped Trog.
Trog was aware of your devotion.
You visited 3 branches of the dungeon, and saw 13 of its levels.

You collected 634 gold pieces.

Inventory:

Hand Weapons
 a - a +1 war axe
 h - a +5 halberd
 r - a +2 whip of electrocution
 u - a +2 vampiric war axe
 w - a +4 scimitar of flaming (weapon)
 A - a +2 flail of freezing
 B - a +3 dagger of holy wrath
 C - a +0 battleaxe
 D - a +0 war axe
 E - a +2 dagger of electrocution
 K - a +0 longbow
 M - a +5 scythe of venom
 Q - a +3 spear of freezing
 T - a +2 short sword of electrocution
Missiles
 d - 3 large rocks
 f - 123 stones
 j - 4 boomerangs
 l - 12 poisoned darts
 x - 2 throwing nets
 R - 15 javelins
Armour
 b - a +0 scale mail
 c - a +0 buckler
 i - a +0 hat
 v - a +0 chain mail
 G - a +0 plate armour
 H - +2 steam dragon scales (worn)
 Y - a +0 pair of gloves (worn)
Jewellery
 g - a ring of wizardry
 n - a ring of protection from fire (right hand)
 s - a ring of ice
 F - a ring of ice
 O - a ring of positive energy (left hand)
 V - an amulet of the acrobat (around neck)
Wands
 o - a wand of iceblast (12)
 p - a wand of digging (7)
 y - a wand of mindburst (20)
 J - a wand of charming (10)
Scrolls
 e - 3 scrolls of poison
 m - 4 scrolls of amnesia
 q - a scroll of magic mapping
 I - 4 scrolls of teleportation
 N - a scroll of enchant weapon
 P - a scroll of immolation
 S - a scroll of fog
Potions
 k - a potion of cancellation
 t - 4 potions of curing (quivered)
 z - a potion of ambrosia
 L - a potion of lignification
 U - a potion of flight {unknown}
 W - a potion of degeneration
 X - 2 potions of magic
 Z - 2 potions of haste


   Skills:
 + Level 10.6 Fighting
 + Level 1.5 Long Blades
 + Level 13.7(15.1) Axes
 + Level 10.5(13.5) Polearms
 + Level 0.3 Throwing
 + Level 10.3 Armour
 + Level 8.3 Dodging
 + Level 3.7 Stealth
 + Level 5.3 Shields
 + Level 0.1 Evocations


You had 11 spell levels left.
You didn't know any spells.
Your spell library contained the following spells:

 Spells                   Type           Power      Damage    Failure   Level
 Magic Dart               Conj           0%         1d3       47%         1
 Slow                     Hex            0%         N/A       47%         1
 Summon Small Mammal      Summ           0%         N/A       47%         1
 Call Imp                 Summ           0%         N/A       63%         2
 Confusing Touch          Hex            0%         N/A       85%         3
 Mephitic Cloud           Conj/Pois/Air  0%         N/A       85%         3
 Vampiric Draining        Necr           0%         2d6       85%         3
 Volatile Blastmotes      Fire/Tloc      0%         2d10      85%         3
 Fulminant Prism          Conj/Hex       0%         3d5       99%         4
 Iskenderun's Mystic Bla  Conj/Tloc      0%         2d3       99%         4
 Lee's Rapid Deconstruct  Erth           0%         3d4*      100%        5
 Monstrous Menagerie      Summ           0%         N/A       100%        7
 Summon Horrible Things   Summ           0%         N/A       100%        8


Dungeon Overview and Level Annotations

Branches:
Dungeon (9/15)             Temple (1/1) D:7            Lair (3/5) D:8
 Shoals (0/4) Lair:3       Spider (0/4) Lair:3
    Orc: D:9-12

Altars:
Cheibriados
Dithmenos
Elyvilon
Fedhas
Gozag
Kikubaaqudgha
Makhleb
Nemelex Xobeh
Okawaru
Qazlal
Ru
Sif Muna
Trog
Uskayaw
Vehumet
Wu Jian
Xom
Zin

Shops:
D:9 =

Annotations:
D:9 2 transporters


Innate Abilities, Weirdness & Mutations

You have a pair of horns on your head.
You reflexively headbutt those who attack you in melee.
You are partially covered in iridescent scales. (AC +2)
You possess an exceptional clarity of mind.
You are robust. (+10% HP)
You are occasionally teleported next to monsters.


Message History

Trog accepts your kill.
Your Long Blades skill increases to level 1!
You miss the electric eel.
The electric eel shoots out a bolt of lightning at you!
The bolt of electricity hits you! The bolt of electricity misses you.
The electric eel shoots out a bolt of lightning at you!
The bolt of electricity hits you! The bolt of electricity misses you.
You closely miss the electric eel. Your headbutt misses the electric eel.
The electric eel shoots out a bolt of lightning at you!
The bolt of electricity hits you. x2
You hit the electric eel. You burn the electric eel.
You headbutt the electric eel! Your punch misses the electric eel.
The electric eel is almost dead.
The electric eel shoots out a bolt of lightning at you!
The bolt of electricity hits you!
* * * LOW HITPOINT WARNING * * *
The bolt of electricity hits you!
* * * LOW HITPOINT WARNING * * *
A red film seems to cover your vision as you go berserk!
You feel yourself moving faster!
You feel mighty!
The electric eel shoots out a bolt of lightning at you!
The bolt of electricity hits you.
* * * LOW HITPOINT WARNING * * *
The bolt of electricity hits you!
* * * LOW HITPOINT WARNING * * *
You are too berserk!
You feel a strong urge to attack something.
The electric eel shoots out a bolt of lightning at you!
The bolt of electricity misses you. x2
You feel your anger nearly subside.
You are no longer berserk.
You are exhausted.
You feel yourself slow down.
You feel better.
You hear the steady crackling of a melting archway nearby.
The electric eel shoots out a bolt of lightning at you!
The bolt of electricity hits you!
* * * LOW HITPOINT WARNING * * *
The electric eel shoots out a bolt of lightning at you!
The bolt of electricity hits you.
You die...

#.~~#.....#~~~# ###.# ##.#
#.~≈##...##≈~# #.#.# #..#
#.. ~≈#####≈~~# ....##
##.### ## ~~≈~~≈S~†P###
##>.####.#.#
#~~~~~~~.###..##.....##..##
#~~.#~#...##....†.......##
#.......(..##.....######.#
....###...#######.# ##
..##.P#P..@.#P.##.#
.............?....#
#.###.##P####P.#### ## ###
####


You could see an electric eel.

Vanquished Creatures
  4 hydras
  A centaur warrior (D:8)
  3 skysharks (Lair:2)
  A lindwurm (Lair:2)
  A manticore (D:8)
  2 black mambas (Lair:2)
  6 cane toads
  2 rime drakes (Lair:1)
  An efreet (D:8)
  6 komodo dragons
  Grinder (D:5)
  A snapping turtle (Lair:3)
  3 blink frogs (Lair:2)
  A jumping spider (Lair:3)
  Sigmund (D:3)
  A wyvern (D:7)
  A shadow (D:9)
  A basilisk (Lair:2)
  15 yaks
  2 steam dragons (D:9)
  A redback (Lair:3)
  3 water moccasins
  3 orc warriors (D:9)
  A black bear (Lair:3)
  A sky beast (D:8)
  An ice beast (D:8)
  7 wolves (Lair:1)
  3 centaurs
  A phantom (D:6)
  A kobold brigand (D:6)
  4 lemures (D:7)
  7 bullfrogs
  A gnoll sergeant (D:9)
  4 scorpions
  8 wights
  8 killer bees (D:7)
  2 electric eels
  3 howler monkeys (D:8)
  A hound (D:6)
  A jelly (D:6)
  Terence (D:2)
  A sleepcap (D:5)
  5 iguanas
  8 orc wizards
  Natasha (thrice) (D:2)
  8 gnolls
  13 adders
  A shadow imp (D:6)
  2 white imps
  An ufetubus (D:6)
  4 dart slugs
  17 orcs
  6 ball pythons
  8 endoplasms
  7 giant cockroaches
  9 goblins
  7 hobgoblins
  10 kobolds
  3 quokkas (D:5)
  2 bats
  6 frilled lizards
  3 rats
240 creatures vanquished.

Vanquished Creatures (collateral kills)
  Pikel (D:7)
  A cyclops (D:8)
  An orc priest (D:7)
  An orc wizard (D:7)
  2 orcs (D:7)
6 creatures vanquished.

Vanquished Creatures (others)
  A steam dragon (D:8)
1 creature vanquished.

Grand Total: 247 creatures vanquished

Notes
Turn   | Place    | Note
-------+----------+-------------------------------------------
     0 | D:1      | arte the Minotaur Fighter began the quest for the Orb.
     0 | D:1      | Reached XP level 1. HP: 19/19 MP: 0/0
   315 | D:1      | Reached XP level 2. HP: 27/27 MP: 1/1
  1041 | D:2      | Noticed Natasha
  1052 | D:2      | Killed Natasha
  1053 | D:2      | Reached skill level 3 in Axes
  1053 | D:2      | Reached XP level 3. HP: 15/33 MP: 2/2
  1178 | D:2      | Noticed Terence
  1186 | D:2      | Killed Terence
  1187 | D:2      | Reached XP level 4. HP: 40/40 MP: 3/3
  1221 | D:2      | Noticed Natasha
  1237 | D:2      | Killed Natasha
  1238 | D:2      | Reached skill level 4 in Axes
  1310 | D:2      | Reached XP level 5. HP: 28/46 MP: 4/4
  1422 | D:2      | Noticed Natasha
  1435 | D:2      | Killed Natasha
  1750 | D:3      | Found a faded altar of an unknown god.
  1757 | D:3      | Reached skill level 1 in Dodging
  2005 | D:3      | Reached skill level 5 in Axes
  2180 | D:3      | Noticed Sigmund
  2187 | D:3      | Killed Sigmund
  2188 | D:3      | Reached skill level 5 in Armour
  2188 | D:3      | Reached XP level 6. HP: 49/55 MP: 5/5
  2347 | D:4      | Reached skill level 6 in Axes
  2635 | D:4      | Reached skill level 5 in Fighting
  2842 | D:4      | Reached skill level 5 in Shields
  2842 | D:4      | Reached XP level 7. HP: 61/61 MP: 6/6
  3213 | D:5      | Entered Level 5 of the Dungeon
  3299 | D:5      | Found a radiant altar of Vehumet.
  3352 | D:5      | Became a worshipper of Vehumet
  3533 | D:5      | Noticed Grinder
  3536 | D:5      | Paralysed by Grinder for 3 turns
  3543 | D:5      | Paralysed by Grinder for 2 turns
  3557 | D:5      | Killed Grinder
  3558 | D:5      | Reached skill level 7 in Axes
  3681 | D:5      | Found an ornate altar of the Wu Jian Council.
  3681 | D:5      | Found a glowing silver altar of Zin.
  3687 | D:5      | Found a shimmering altar of Xom.
  3689 | D:5      | Found a white marble altar of Elyvilon.
  3691 | D:5      | Found a shimmering blue altar of Sif Muna.
  4269 | D:6      | Reached XP level 8. HP: 60/68 MP: 7/7
  4342 | D:6      | Reached skill level 8 in Axes
  4412 | D:6      | Reached * piety under Vehumet
  4412 | D:6      | Offered knowledge of Shock by Vehumet.
  4585 | D:6      | Reached skill level 1 in Polearms
  5026 | D:7      | HP: 1/70 [killer bee (8)]
  5309 | D:7      | Found a staircase to the Ecumenical Temple.
  5322 | Temple   | Entered the Ecumenical Temple
  5395 | Temple   | Fell from the grace of Vehumet
  5395 | Temple   | Became a worshipper of Trog the Wrathful
  5562 | D:7      | Reached XP level 9. HP: 75/75 MP: 8/8
  5728 | D:7      | Noticed Pikel
  5742 | D:7      | Killed Pikel
  5743 | D:7      | Reached skill level 5 in Polearms
  6486 | D:7      | Gained mutation: You are robust. (+10% HP) [potion of
                  | mutation]
  6486 | D:7      | Gained mutation: A frigid envelope surrounds you and
                  | freezes all who hurt you. [potion of mutation]
  6486 | D:7      | Gained mutation: Your muscles are strong. (Str +4, Int/Dex
                  | -1) [potion of mutation]
  6486 | D:7      | Gained mutation: You are partially covered in iridescent
                  | scales. (AC +2) [potion of mutation]
  6502 | D:8      | Noticed a manticore
  6504 | D:8      | Noticed a centaur warrior
  6504 | D:8      | Noticed a cyclops
  6511 | D:8      | Killed a manticore
  6521 | D:8      | Killed a cyclops
  6527 | D:8      | Killed a centaur warrior
  6528 | D:8      | Reached skill level 1 in Stealth
  6528 | D:8      | Reached XP level 10. HP: 72/94 MP: 9/9
  6549 | D:8      | Got the Guidebook on the Congregation
  6754 | D:9      | Reached * piety under Trog
  6876 | D:9      | Found a burning altar of Makhleb.
  7022 | D:9      | Reached skill level 10 in Armour
  7090 | D:9      | Found an iron altar of Okawaru.
  7124 | D:9      | Found Boumod's One-of-a-Kind Rings.
  7387 | D:9      | Reached skill level 9 in Axes
  7394 | D:9      | Reached skill level 10 in Polearms
  7474 | D:9      | Found a transporter.
  7479 | D:9      | Noticed a deep elf knight
  7482 | D:9      | Identified the +1 war axe of Veh Memo {venom, Contam rPois
                  | Str+4}
  7482 | D:9      | Noticed a deep elf knight
  7498 | D:9      | Found a transporter.
  7702 | D:8      | Reached skill level 5 in Dodging
  7705 | D:8      | Found a hide-covered altar of Uskayaw.
  7751 | D:8      | Found a staircase to the Lair.
  7779 | Lair:1   | Entered Level 1 of the Lair of Beasts
  7799 | Lair:1   | Noticed a cane toad
  7830 | Lair:1   | Killed a cane toad
  7889 | Lair:1   | Noticed a seven-headed hydra
  7917 | Lair:1   | Killed an eight-headed hydra
  7918 | Lair:1   | Reached XP level 11. HP: 60/104 MP: 10/10
  8170 | Lair:1   | Lost mutation: You are partially covered in iridescent
                  | scales. (AC +2) [potion of mutation]
  8170 | Lair:1   | Lost mutation: A frigid envelope surrounds you and freezes
                  | all who hurt you. [potion of mutation]
  8170 | Lair:1   | Lost mutation: Your muscles are strong. (Str +4, Int/Dex
                  | -1) [potion of mutation]
  8170 | Lair:1   | Gained mutation: You are occasionally teleported next to
                  | monsters. [potion of mutation]
  8170 | Lair:1   | Gained mutation: You are partially covered in iridescent
                  | scales. (AC +2) [potion of mutation]
  8170 | Lair:1   | Gained mutation: You possess an exceptional clarity of
                  | mind. [potion of mutation]
  8280 | Lair:1   | Reached skill level 10 in Axes
  9159 | Lair:2   | Noticed a lindwurm
  9170 | Lair:2   | Killed a lindwurm
  9253 | Lair:2   | Reached skill level 11 in Axes
  9380 | Lair:2   | Was forgiven by Vehumet
  9540 | Lair:2   | Reached skill level 12 in Axes
  9564 | Lair:2   | Noticed a skyshark
  9564 | Lair:2   | Noticed a skyshark
  9577 | Lair:2   | Killed a skyshark
  9890 | Lair:2   | Noticed a skyshark
  9900 | Lair:2   | Killed a skyshark
  9908 | Lair:2   | Noticed a five-headed hydra
 10213 | Lair:2   | Killed a 12-headed hydra
 10214 | Lair:2   | Reached skill level 10 in Fighting
 10490 | Lair:2   | Killed a skyshark
 10491 | Lair:2   | Reached XP level 12. HP: 84/116 MP: 11/11
 10801 | Lair:3   | Found a hole to the Spider Nest.
 10826 | Lair:3   | Reached skill level 13 in Axes
 10924 | Lair:3   | Found a staircase to the Shoals.
 10938 | Lair:3   | Noticed a five-headed hydra
 10989 | Lair:3   | Noticed a seven-headed hydra
 10998 | Lair:3   | Killed a two-headed hydra
 11208 | Lair:3   | Killed a one-headed hydra
 11209 | Lair:3   | Reached skill level 1 in Long Blades
 11212 | Lair:3   | HP: 6/177 [electric eel/bolt of electricity (13)]
 11217 | Lair:3   | Killed from afar by an electric eel

Illustrated notes

Levels and vault maps discovered:
D:1:      psy_arrival_radial01, layout_basic, minmay_misc_feat_rugged
D:2:      layout_rooms, kennysheep_generic_room_14, uniq_natasha, uniq_terence
D:3:      layout_basic, shapermc_ecumenical_altar_venn, grunt_ministairs_10,
          uniq_sigmund
D:4:      minmay_skewed_foursquare, layout_gridville
D:5:      layout_basic, chequers_temple_overflow_minitemple,
          mainiacjoe_overflow_surrounded_room, gup_sewer_entry_pipe,
          uniq_grinder
D:6:      layout_gridville
D:7:      layout_loops_ring, temple_hall, uniq_pikel
D:8:      cheibrodos_elevator_heist, layout_rooms,
          nicolae_uskayaw_murder_on_the_dancefloor,
          nicolae_overflow_hidden_temple, amcnicky_altar_gilded,
          lair_entry_dummy, serial_shops, shop
D:9:      gammafunk_wand_slinger, layout_basic, mainiacjoe_overflow_alcove_1,
          okawaru_ov_weapons_minmay, nicolae_shop_unique_rings,
          minmay_diced_spiral
Temple:   compressed_dpeg_triangle_lava_temple
Lair:1:   layout_small_grid, small_statue_intersection,
          nicolae_quartered_pool_super
Lair:2:   beargit_carnivore_pack, layout_hall_layers, minivault_27,
          guppyfry_lair_drakes
Lair:3:   layout_loops_ring, minmay_shoals_entry_hut, spider_nest_entry_a,
          portal_ice_cave_entry_pillars_1, infiniplex_staircase_pool

Skill      XL: |  1  2  3  4  5  6  7  8  9 10 11 12 |
---------------+-------------------------------------+-----
Shields        | 4 5 |  5.3
Fighting       | 4 5 6 7 8 10 | 10.6
Axes           | 3 4 5 6 7 8 9 12 13 | 13.7
Armour         | 4 5 6 7 9 10 | 10.3
Dodging        | 1 2 4 5 7 8 |  8.3
Polearms       | 3 8 10 | 10.5
Stealth        | 1 2 3 |  3.7
Long Blades    | 1 |  1.5
Throwing       | |  0.3
Evocations     | |  0.1

Action                     |  1- 3 |  4- 6 |  7- 9 | 10-12 || total
---------------------------+-------+-------+-------+-------++-------
  Melee: War axe           |    34 |   128 |    77 |   268 ||   507
         Headbutt          |     3 |    21 |    36 |    81 ||   141
         Halberd           |       |       |   131 |    42 ||   173
         Punch             |       |       |       |     9 ||     9
         Scimitar          |       |       |       |    14 ||    14
  Throw: Stone             |       |       |       |     4 ||     4
 Invoke: Berserk           |       |       |       |    13 ||    13
  Evoke: Wand              |       |       |       |     2 ||     2
    Use: Scroll            |       |     6 |    13 |     8 ||    27
         Potion            |       |       |     9 |     4 ||    13
   Stab: Distracted        |       |       |       |     1 ||     1
         Sleeping          |       |       |       |     2 ||     2
 Armour: Scale mail        |    14 |    11 |       |       ||    25
         Chain mail        |       |    41 |   108 |     4 ||   153
         Steam dragon scal |       |       |       |   124 ||   124
  Dodge: Dodged            |    21 |    36 |   126 |   288 ||   471
  Block: Buckler           |     9 |    27 |     8 |       ||    44
